cohdb
Replays
Latest Replays
All Replays
Popular Replays
Top Player Replays
Match Explorer
How It Works
Community
CoH3 Stats
Reddit
Sign in to upload your games and track your stats! →
Sign in with Steam
Match 42178722
Unlisted
Match 42178722
Overview
Messages
Build Orders
End
Panzergrenadier Squad
250 Light Carrier
Panzerpioneer Squad
Construct Light Support Kompanie
Assault Grenadier Squad
Selects Armored Support Battlegroup
Combat Half-tracks
Selects Superior Fire Drills
Construct Mechanized Kompanie
Panzerjäger Mechanized Group
Selects Salvage Kits
Support Armor Elements
Vehicle Survival Package
StuG III D Assault Gun
StuG III D Assault Gun
desertBeliever
Cpt Darling
Ra11
aSIINiedi
0
0
Comments
sign in to comment!
No comments posted yet!